 Dungeon Crawl Stone Soup version 0.31-a0-354-g827e0957a7 (webtiles) character file.

Game seed: 2004978324652595133

671 randomguy2701 the Cleaver (level 7, 0/61 HPs)
             Began as a Hill Orc Monk on July 24, 2023.
             Slain by a gnoll
             ... wielding a +0 halberd
              (7 damage)
             ... on level 5 of the Dungeon.
             The game lasted 00:08:14 (4037 turns).

randomguy2701 the Cleaver (Hill Orc Monk)           Turns: 4037, Time: 00:08:14

Health: 0/61       AC: 10    Str: 16    XL:     7   Next: 58%
Magic:  7/7        EV:  8    Int: 10    God:
Gold:   208        SH:  0    Dex: 13    Spells: 6/6 levels left

rFire   . . .        D - +2 hand axe (heavy)
rCold   . . .        d - orb {light}
rNeg    . . .        j - +0 chain mail
rPois   .            (no helmet)
rElec   .            (no cloak)
rCorr   .            q - +0 pair of gloves
SInv    .            (no boots)
Will    .....        (no amulet) Stlth
                     (no ring)
HPRegen 0.30/turn    (no ring)
MPRegen 0.10/turn

%: no passive effects
@: glowing
A: no striking features
a: no special abilities


You were on level 5 of the Dungeon.
You visited 1 branch of the dungeon, and saw 6 of its levels.

You collected 208 gold pieces.

Inventory:

Hand Weapons
 a - a +0 hand axe
 s - a +0 war axe
 A - a +1 hand axe of flaming
 D - a +2 heavy hand axe (weapon)
Missiles
 v - a throwing net
Armour
 d - an orb of light (worn)
 j - a +0 chain mail (worn)
 q - a +0 pair of gloves (worn)
Jewellery
 t - a +6 ring of strength
 C - a ring of ice
Wands
 y - a wand of paralysis (13)
Scrolls
 e - a scroll of enchant armour {unknown}
 f - 2 scrolls of amnesia {unknown}
 g - 2 scrolls of teleportation {unknown}
 k - a scroll of poison {unknown}
 l - 10 scrolls of identify {unknown}
 n - a scroll of blinking {unknown}
 r - 4 scrolls of enchant weapon {unknown}
 u - a scroll of summoning {unknown}
 x - a scroll of immolation {unknown}
 B - a scroll of vulnerability {unknown}
Potions
 b - a potion of lignification {unknown}
 c - a potion of ambrosia
 h - 2 potions of mutation {unknown}
 i - 5 potions of curing {unknown}
 m - a potion of degeneration {unknown}
 o - a potion of heal wounds {unknown}
 p - 2 potions of berserk rage {unknown}
 w - a potion of attraction {unknown}
 z - a potion of haste {unknown}
 E - a potion of might {unknown}


   Skills:
 + Level 5.2 Fighting
 + Level 8.5 Axes
 + Level 3.7 Armour
 + Level 3.2 Dodging
 + Level 0.5 Stealth


You had 6 spell levels left.
You didn't know any spells.
Your spell library contained the following spells:

 Spells                   Type           Power      Damage    Failure   Level
 Slow                     Hex            0%         N/A       99%         1
 Confusing Touch          Hex            0%         N/A       100%        3
 Stone Arrow              Conj/Erth      0%         3d7       100%        3
 Vampiric Draining        Necr           0%         2d6       100%        3
 Animate Armour           Summ/Erth      0%         N/A       100%        4
 Conjure Ball Lightning   Conj/Air       0%         3x3d6     100%        6
 Discord                  Hex            0%         N/A       100%        8
 Disjunction              Tloc           0%         N/A       100%        8
 Lehudib's Crystal Spear  Conj/Erth      0%         10d2      100%        8


Dungeon Overview and Level Annotations

Branches:
Dungeon (6/15)
 Temple: D:4-7

Altars:
Ashenzari


Message History

The gnoll hits you from afar with a +0 halberd!
You are too injured to fight recklessly!
You are too injured to fight recklessly!
A gnoll is nearby!
You are too injured to fight recklessly!
The gnoll hits you with a +0 halberd.
You see here a hound corpse.
You slash the gnoll!
You kill the gnoll!
You hear a splash.
You slash the fungus!
The fungus begins to die.
A nearby fungus withers and dies.
A gnoll comes into view. It is wielding a +0 halberd.
You enter the shallow water.
Moving in this stuff is going to be slow.
The gnoll shouts!
You hear a shout!
Things that are here:
a +0 halberd; a gnoll corpse A gnoll comes into view.
It is wielding a +0 halberd.
The gnoll hits you with a +0 halberd!
You are too injured to fight recklessly!
You slash the gnoll!
The gnoll is almost dead.
You hit the fungus.
The fungus begins to die.
You slash the fungus!
The fungus begins to die.
The gnoll hits you with a +0 halberd!
* * * LOW HITPOINT WARNING * * *
You slash the gnoll!
You kill the gnoll!
You hit the fungus. x2
The gnoll hits you from afar with a +0 halberd.
* * * LOW HITPOINT WARNING * * *
The gnoll closely misses you.
A nearby fungus withers and dies.
The gnoll hits you with a +0 halberd!
* * * LOW HITPOINT WARNING * * *
You see here a +0 trident.
You slash the gnoll!
The gnoll is almost dead.
You hit the fungus.
A nearby fungus withers and dies.
The gnoll hits you with a +0 halberd!
You die...

#...###..###.#
#.# #
#.#......# #.#
#.# #
#...###..###.#
#
#.......#...##
#
#.P...P.##.##
.
#..)†~..#...##
.#####
#.P~.)....#..#
......
#..~P~..#....#
######
#..~P~.@##.#.#
#..P...g##.#.#
#.......##.#.#
#.####..##.#.#
#. #..##.#.# #
# '..##.#.####
# #..##.#....#
# #... ####.#
# ##.########


You could see a gnoll.

Vanquished Creatures
  A phantom (D:6)
  A scorpion (D:5)
  2 hounds (D:5)
  2 jellies
  An iguana (D:6)
  5 orc wizards
  3 gnolls (D:5)
  10 adders
  An ufetubus (D:4)
  A worm (D:2)
  5 dart slugs
  21 orcs
  5 ball pythons
  6 bats
  9 endoplasms
  4 giant cockroaches
  3 goblins
  13 hobgoblins
  8 jackals (D:3)
  4 quokkas
  4 frilled lizards
  5 kobolds
  7 rats
121 creatures vanquished.

Notes
Turn   | Place    | Note
-------+----------+-------------------------------------------
     0 | D:1      | randomguy2701 the Hill Orc Monk began the quest for the
                  | Orb.
     0 | D:1      | Reached XP level 1. HP: 19/19 MP: 1/1
    86 | D:1      | Reached XP level 2. HP: 17/27 MP: 2/2
   372 | D:1      | Reached XP level 3. HP: 33/33 MP: 3/3
   870 | D:2      | Reached skill level 5 in Axes
  1062 | D:2      | Reached XP level 4. HP: 25/40 MP: 4/4
  1184 | D:2      | Found a faded altar of an unknown god.
  1466 | D:2      | Reached skill level 1 in Armour
  1968 | D:3      | Reached skill level 6 in Axes
  1968 | D:3      | Reached XP level 5. HP: 47/47 MP: 5/5
  2452 | D:4      | Reached XP level 6. HP: 50/53 MP: 6/6
  2474 | D:4      | Found a broken altar of Ashenzari.
  2655 | D:4      | Reached skill level 7 in Axes
  3183 | D:5      | Entered Level 5 of the Dungeon
  3272 | D:5      | You fall into a shaft and drop 1 floor!
  3513 | D:5      | Reached skill level 8 in Axes
  3513 | D:5      | Reached XP level 7. HP: 14/60 MP: 7/7
  3991 | D:5      | Reached skill level 5 in Fighting
  4037 | D:5      | Slain by a gnoll

Illustrated notes

Levels and vault maps discovered:
D:1:      giann_wishing_wells, layout_loops_ring, minmay_pentomino_w4
D:2:      minmay_evil_eye, layout_basic, shapermc_ecumenical_altar_totnotflames
D:3:      layout_rooms
D:4:      layout_loops_ring, mainiacjoe_overflow_small_starburst, st_stairs_7,
          chequers_serial_rivers_micro_b
D:5:      layout_loops_ring, serial_bayou_pond_e, grunt_decor_one_mirror,
          palyth_stone_intersect, minivault_11, kennysheep_nondescript,
          nrook_campfire, dreamdust_gnoll_farm
D:6:      layout_basic, grunt_dithmenos_smoke_and_mirrors, tgw_sif

Skill      XL: |  1  2  3  4  5  6  7 |
---------------+----------------------+-----
Fighting       | 4 5 |  5.2
Axes           | 5 6 8 |  8.5
Armour         | 1 2 3 |  3.7
Dodging        | 3 |  3.2
Stealth        | |  0.5

Action                     |  1- 3 |  4- 6 |  7- 9 || total
---------------------------+-------+-------+-------++-------
  Melee: Hand axe          |   114 |    83 |    34 ||   231
         War axe           |       |    83 |       ||    83
 Armour: Robe              |     7 |       |       ||     7
         Chain mail        |    42 |   143 |    16 ||   201
  Dodge: Dodged            |    52 |    75 |    15 ||   142

Table legend: (Time is in decaauts)
 A = Elapsed time spent in this place.
 B = Non-inter-level travel time spent in this place.
 C = Inter-level travel time spent in this place.
 D = Time resting spent in this place.
 E = Time spent auto-exploring this place.
 F = Levels seen in this place.
 G = Mean time per level.
                   A        B        C        D        E       F      G
               +--------+--------+--------+--------+--------+-----+--------+
         Total |   4061 |   3920 |    141 |      0 |   3208 |   6 |  676.8 |
       Dungeon |   4061 |   3920 |    141 |      0 |   3208 |   6 |  676.8 |
               +--------+--------+--------+--------+--------+-----+--------+

Top non-repeatable levels by time:
     D:2: 1046 daAuts
     D:1: 857 daAuts
     D:4: 783 daAuts
     D:5: 762 daAuts
     D:3: 515 daAuts
     D:6: 95 daAuts
